 Dungeon Crawl Stone Soup version 0.30-a0-782-ge64f9170bb (webtiles) character file.

Game seed: 2285555098874221895

60 mandoloar the Shield-Bearer (level 4, 41/41 HPs)
             Began as a Gnoll Fighter on Feb 18, 2023.
             Quit the game on level 2 of the Dungeon.
             The game lasted 00:05:03 (1673 turns).

mandoloar the Shield-Bearer (Gnoll Fighter)         Turns: 1673, Time: 00:05:04

Health: 41/41      AC:  9    Str: 17    XL:     4   Next: 6%
Magic:  5/5        EV:  9    Int:  7    God:
Gold:   78         SH:  5    Dex: 12    Spells: 5/5 levels left

rFire   . . .      SeeInvis .    a - +0 war axe
rCold   . . .      Faith    .    c - +0 buckler
rNeg    . . .      Spirit   .    b - +0 scale mail
rPois   .          Reflect  .    p - +0 helmet
rElec   .          Harm     .    (no cloak)
rCorr   +          Rampage  .    (no gloves)
Will    .....                    (no boots) Stlth
                                 (no amulet)
HPRegen 0.26/turn                q - ring of resist corrosion
MPRegen 0.09/turn                (no ring)

@: no status effects
A: fangs 1, strong nose, distributed training
a: no special abilities


You were on level 2 of the Dungeon.
You visited 1 branch of the dungeon, and saw 2 of its levels.

You collected 78 gold pieces.

Inventory:

Hand Weapons
 a - a +0 war axe (weapon)
Missiles
 e - 3 poisoned darts
 f - 41 stones (quivered)
Armour
 b - a +0 scale mail (worn)
 c - a +0 buckler (worn)
 o - a +0 plate armour
 p - a +0 helmet (worn)
Jewellery
 q - a ring of resist corrosion (left hand)
Scrolls
 g - a scroll of acquirement {unknown}
 h - 2 scrolls of immolation {unknown}
 i - a scroll of silence {unknown}
 j - a scroll of torment {unknown}
 l - a scroll of summoning {unknown}
 m - a scroll of identify {unknown}
 n - 2 scrolls of fear {unknown}
Potions
 d - a potion of might
 k - a potion of curing {unknown}


   Skills:
 + Level 6.6 Fighting
 + Level 1.0 Short Blades
 + Level 1.0 Long Blades
 + Level 4.6 Axes
 + Level 1.0 Maces & Flails
 + Level 1.0 Polearms
 + Level 1.0 Staves
 + Level 1.0 Ranged Weapons
 + Level 1.0 Throwing
 + Level 6.6 Armour
 + Level 1.0 Dodging
 + Level 1.0 Stealth
 + Level 6.6 Shields
 + Level 1.0 Unarmed Combat
 + Level 1.0 Spellcasting
 + Level 0.8 Conjurations
 + Level 0.8 Hexes
 + Level 0.8 Summonings
 + Level 0.8 Necromancy
 + Level 0.8 Translocations
 + Level 0.8 Transmutations
 + Level 0.8 Fire Magic
 + Level 0.8 Ice Magic
 + Level 0.8 Air Magic
 + Level 0.8 Earth Magic
 + Level 0.8 Poison Magic
 + Level 1.1 Invocations
 + Level 1.0 Evocations


You had 5 spell levels left.
You didn't know any spells.
Your spell library contained the following spells:

 Spells                   Type           Power      Damage    Failure   Level
 Cigotuvi's Dreadful Rot  Necr/Pois/Air  2%         N/A       86%         2
 Poisonous Vapours        Pois/Air       2%         N/A       86%         2
 Inner Flame              Hex/Fire       1%         N/A       98%         3
 Mephitic Cloud           Conj/Pois/Air  1%         N/A       98%         3
 Cause Fear               Hex            0%         N/A       100%        4
 Discord                  Hex            0%         N/A       100%        8


Dungeon Overview and Level Annotations

Branches:
Dungeon (2/15)

Altars:


Innate Abilities, Weirdness & Mutations

You have very sharp teeth.
Your uncanny sense of smell can sniff out nearby items.
Your experience applies equally to all skills.


Message History

You have reached level 4!
You feel agile.
You now have 62 gold pieces (gained 12).
q - a ring of resist corrosion
Things that are here:
a +0 club; a kobold corpse You now have 78 gold pieces (gained 16).
There is a stone staircase leading down here.
Found a ring mail.
Okay, then.
q - a ring of resist corrosion (left hand)
You start waiting.
Done waiting.
Found a ring mail.
A bat and an endoplasm come into view.
The endoplasm quivers.
You block the bat's attack. The bat misses you.
You see here a +0 ring mail.
The bat hits you but does no damage.
Found a stone staircase leading up.
The bat hits you. The bat barely misses you.
You slash the bat!
You kill the bat!
No target in view!
HP restored.
A goblin comes into view. It is wielding a +0 club.
The goblin shouts!
The goblin barely misses you.
The endoplasm hits you but does no damage.
You slash the goblin!
You kill the goblin!
You barely miss the endoplasm.
The endoplasm hits you but does no damage.
You slash the endoplasm!
You kill the endoplasm!
No target in view!
You see here a frilled lizard skeleton.
The ball python hisses angrily.
Are you sure you want to abandon this character and quit the game? (Confirm with "yes".)

........#..#.....#### #.#
##......##...###...>####.#####
.#.....)....)÷........#......#
........#######.......÷......#
.................÷....#.>....#
.....#..#######.......#......#
.#...##....####.......#).....#
.#..........##........#......#
.#...)......)...@####.########
.#...............# #..#
†..###...........# ##..#
..##.......(........ ..#
..........#......<## ###
..........#?......#
#####......####.S..# ######.#
###..# #.#


You could see a ball python.

Vanquished Creatures
  2 adders (D:2)
  3 ball pythons
  3 endoplasms
  A giant cockroach (D:1)
  2 goblins (D:2)
  3 hobgoblins (D:2)
  6 jackals (D:2)
  8 kobolds
  3 quokkas
  4 bats
  A frilled lizard (D:2)
  2 rats (D:1)
38 creatures vanquished.

Notes
Turn   | Place    | Note
-------+----------+-------------------------------------------
     0 | D:1      | mandoloar the Gnoll Fighter began the quest for the Orb.
     0 | D:1      | Reached XP level 1. HP: 23/23 MP: 1/1
   501 | D:1      | Reached XP level 2. HP: 29/29 MP: 2/2
  1347 | D:2      | Reached XP level 3. HP: 34/35 MP: 3/3
  1390 | D:2      | Reached skill level 1 in Invocations
  1416 | D:2      | Reached skill level 1 in Short Blades
  1416 | D:2      | Reached skill level 1 in Long Blades
  1416 | D:2      | Reached skill level 1 in Maces & Flails
  1416 | D:2      | Reached skill level 1 in Polearms
  1416 | D:2      | Reached skill level 1 in Staves
  1416 | D:2      | Reached skill level 1 in Ranged Weapons
  1416 | D:2      | Reached skill level 1 in Throwing
  1416 | D:2      | Reached skill level 1 in Dodging
  1416 | D:2      | Reached skill level 1 in Stealth
  1416 | D:2      | Reached skill level 1 in Unarmed Combat
  1416 | D:2      | Reached skill level 1 in Spellcasting
  1416 | D:2      | Reached skill level 1 in Evocations
  1496 | D:2      | Reached XP level 4. HP: 41/41 MP: 5/5
  1673 | D:2      | Quit the game

Illustrated notes

Levels and vault maps discovered:
D:1:      dpeg_arrival_three_same_balls, layout_basic, minmay_misc_feat_rugged,
          minmay_heptomino_o4
D:2:      layout_rooms

Skill      XL: |  1  2  3 |
---------------+----------+-----
Invocations    | 1 |  1.1
Short Blades   | 1 |  1.0
Long Blades    | 1 |  1.0
Maces & Flails | 1 |  1.0
Polearms       | 1 |  1.0
Staves         | 1 |  1.0
Ranged Weapons | 1 |  1.0
Throwing       | 1 |  1.0
Dodging        | 1 |  1.0
Stealth        | 1 |  1.0
Unarmed Combat | 1 |  1.0
Spellcasting   | 1 |  1.0
Evocations     | 1 |  1.0
Fighting       | |  6.6
Axes           | |  4.6
Armour         | |  6.6
Shields        | |  6.6
Conjurations   | |  0.8
Hexes          | |  0.8
Summonings     | |  0.8
Necromancy     | |  0.8
Translocations | |  0.8
Transmutations | |  0.8
Fire Magic     | |  0.8
Ice Magic      | |  0.8
Air Magic      | |  0.8
Earth Magic    | |  0.8
Poison Magic   | |  0.8

Action                     |  1- 3 |  4- 6 || total
---------------------------+-------+-------++-------
  Melee: War axe           |    87 |     3 ||    90
         Bite              |     5 |       ||     5
  Throw: Stone             |     1 |       ||     1
 Armour: Scale mail        |    45 |     3 ||    48
  Dodge: Dodged            |    41 |     3 ||    44
  Block: Buckler           |    26 |     1 ||    27

Table legend: (Time is in decaauts)
 A = Elapsed time spent in this place.
 B = Non-inter-level travel time spent in this place.
 C = Inter-level travel time spent in this place.
 D = Time resting spent in this place.
 E = Time spent auto-exploring this place.
 F = Levels seen in this place.
 G = Mean time per level.
                   A        B        C        D        E       F      G
               +--------+--------+--------+--------+--------+-----+--------+
         Total |   1701 |   1617 |     84 |    422 |    886 |   2 |  850.5 |
       Dungeon |   1701 |   1617 |     84 |    422 |    886 |   2 |  850.5 |
               +--------+--------+--------+--------+--------+-----+--------+

Top non-repeatable levels by time:
     D:1: 1266 daAuts
     D:2: 434 daAuts
